Map: Abyssal Reef LE

Players

Pain - Winner!

  • Race: Protoss Protoss
  • Spawn Location: 11:00

A.I. 1 (Easy)

  • Race: Protoss Protoss
  • Spawn Location: 5:00

VOD

Have the link to the VOD?

Description

Time

  • Played on: Sept. 5, 2017, 9:24 p.m.
  • Length: 17:36
Show
View Real Time Build Order
Export as new Build Order

Pain Protoss - Winner!

Build Orders:  

Get SALT Encoding   

  12  0:15  Pylon  
  12  0:35  Gateway  
  12  0:39  Probe (Chrono Boost)  
  13  0:49  Probe (Chrono Boost)  
  14  0:50  Pylon  
  14  0:58  Assimilator  
  14  1:20  Forge  
  14  1:30  Cybernetics Core  
  14  3:09  Probe (Chrono Boost)  
  15  3:19  Probe (Chrono Boost)  
  16  3:25  Pylon  
  16  3:30  Probe (Chrono Boost)  
  16  3:33  Twilight Council  
  17  3:40  Probe (Chrono Boost)  
  18  3:46  Photon Cannon  
  18  4:03  Robotics Facility  
  18  4:13  Zealot  
  20  4:40  Zealot  
  22  4:46  Gateway  
  22  4:54  Observer  
  23  5:07  Zealot  
  23  5:12  Pylon  
  25  5:17  Protoss Ground Weapons Level 1  
  25  5:34  Zealot  
  27  5:38  Assimilator  
  27  5:50  Photon Cannon  
  27  5:51  Probe (Chrono Boost)  
  28  6:01  Zealot, Probe (Chrono Boost)  
  31  6:08  Stalker  
  33  6:12  Probe (Chrono Boost)  
  34  6:28  Zealot  
  36  6:35  Photon Cannon  
  36  6:37  Observer  
  36  6:38  Stalker  
  39  6:55  Zealot  
  41  7:11  Protoss Shields Level 1  
  42  8:05  Zealot  
  42  8:08  Stalker  
  44  8:19  Pylon  
  44  8:25  Pylon  
  44  8:26  Probe (Chrono Boost)  
  45  8:32  Zealot  
  47  8:37  Probe (Chrono Boost)  
  47  8:38  Stalker  
  49  8:59  Zealot  
  49  9:00  Protoss Air Weapons Level 1  
  51  9:05  Protoss Ground Weapons Level 2  
  51  9:08  Stalker  
  53  9:21  Mothership Core (Chrono Boost)  
  55  9:27  Zealot  
  57  9:38  Stalker  
  59  9:54  Zealot  
  61  10:08  Stalker  
  63  10:55  Zealot  
  63  11:01  Stalker  
  55  11:20  Protoss Shields Level 2  
  55  11:22  Zealot  
  53  11:31  Stalker  
  53  11:45  Blink  
  53  11:49  Stalker  
  55  12:01  Stalker  
  57  12:19  Stalker  
  59  12:31  Stalker  
  55  12:49  Stalker  
  57  13:01  Stalker  
  59  13:19  Stalker  
  61  13:31  Stalker  
  63  13:37  Protoss Ground Weapons Level 3  
  62  14:01  Stalker  
  62  14:43  Pylon  
  62  15:01  Stalker x2  
  66  15:31  Stalker x2  
  66  16:01  Stalker x2  
Show
View Real Time Build Order
Export as new Build Order

A.I. 1 (Easy) Protoss 

Build Orders:  

Get SALT Encoding   

  12  0:01  Probe (Chrono Boost)  
  13  0:11  Probe (Chrono Boost)  
  14  0:20  Pylon  
  14  0:22  Probe (Chrono Boost)  
  15  0:38  Probe (Chrono Boost)  
  16  0:44  Assimilator  
  16  0:51  Gateway  
  16  0:54  Pylon  
  16  1:15  Assimilator  
  16  1:35  Zealot  
  18  1:44  Cybernetics Core  
  18  2:08  Pylon  
  18  2:14  Probe (Chrono Boost)  
  19  2:17  Warp Gate  
  19  2:20  Stalker  
  21  2:25  Probe (Chrono Boost)  
  23  2:37  Probe (Chrono Boost)  
  23  2:49  Probe (Chrono Boost)  
  24  2:53  Stalker  
  26  3:00  Probe (Chrono Boost)  
  27  3:11  Probe (Chrono Boost)  
  28  3:26  Adept  
  30  3:59  Adept  
  32  4:19  Probe (Chrono Boost)  
  32  6:56  Stalker, Probe (Chrono Boost)  
  32  6:57  Pylon  
  35  7:04  Nexus  
  36  7:15  Probe (Chrono Boost)  
  36  7:17  Robotics Facility  
  36  7:20  Pylon  
  36  7:21  Stalker  
  38  7:27  Probe (Chrono Boost)  
  33  7:46  Sentry  
  31  8:03  Observer  
  32  8:10  Stalker  
  34  8:18  Probe (Chrono Boost)  
  35  8:20  Probe (Chrono Boost)  
  35  8:23  Observer  
  35  8:25  Assimilator  
  35  8:27  Assimilator  
  37  8:29  Probe (Chrono Boost)  
  37  8:33  Probe (Chrono Boost)  
  39  8:34  Stalker  
  39  8:40  Probe (Chrono Boost)  
  42  8:44  Probe (Chrono Boost)  
  43  8:51  Probe (Chrono Boost)  
  43  8:55  Probe (Chrono Boost)  
  45  8:59  Adept  
  45  9:02  Probe (Chrono Boost)  
  48  9:05  Probe (Chrono Boost)  
  49  9:13  Probe (Chrono Boost)  
  49  9:16  Probe (Chrono Boost)  
  51  9:23  Zealot  
  54  9:25  Probe (Chrono Boost)  
  54  9:26  Probe (Chrono Boost)  
  55  9:36  Probe (Chrono Boost)  
  55  9:37  Probe (Chrono Boost)  
  57  9:46  Probe (Chrono Boost)  
  57  9:47  Probe (Chrono Boost)  
  59  9:57  Probe (Chrono Boost)  
  59  9:58  Probe (Chrono Boost)  
  61  11:00  Stalker  
  61  11:02  Pylon  
  63  11:09  Immortal  
  61  11:28  Stalker  
  63  11:48  Zealot  
  65  11:55  Warp Prism  
  65  12:01  Gateway  
  67  12:04  Forge  
  67  12:07  Robotics Bay  
  67  12:10  Nexus, Stargate  
  67  12:17  Pylon  
  67  12:21  Adept  
  69  12:26  Warp Prism  
  57  12:30  Protoss Ground Weapons Level 1  
  53  12:51  Observer Gravitic Boosters  
  53  12:52  Gateway  
  53  12:54  Stalker  
  55  13:01  Observer  
  56  13:25  Probe (Chrono Boost)  
  57  13:27  Zealot  
  57  13:29  Probe (Chrono Boost)  
  57  13:32  Assimilator  
  57  13:33  Probe (Chrono Boost)  
  61  13:36  Assimilator  
  61  13:38  Probe (Chrono Boost)  
  61  13:41  Probe (Chrono Boost)  
  63  13:43  Gravitic Drive  
  63  13:55  Stalker  
  63  14:08  Warp Prism  
  59  14:10  Zealot  
  59  14:16  Probe (Chrono Boost)  
  57  14:18  Protoss Ground Armor Level 1  
  57  14:21  Probe (Chrono Boost)  
  57  14:23  Void Ray  
  54  14:25  Probe (Chrono Boost)  
  54  14:29  Probe (Chrono Boost)  
  49  14:33  Probe (Chrono Boost)  
  49  14:38  Stalker, Probe (Chrono Boost)  
  43  14:46  Probe (Chrono Boost)  
  43  14:49  Probe (Chrono Boost)  
  43  14:52  Immortal  
  44  14:59  Probe (Chrono Boost)  
  49  15:00  Probe (Chrono Boost)  
  49  15:05  Pylon  
  49  15:07  Stalker  
  49  15:10  Probe x2 (Chrono Boost)  
  53  15:17  Nexus  
  55  15:21  Probe x2 (Chrono Boost)  
  55  15:22  Zealot  
  57  15:31  Observer  
  57  15:32  Probe (Chrono Boost)  
  57  15:35  Probe (Chrono Boost)  
  58  15:36  Zealot, Pylon  
  59  15:43  Probe (Chrono Boost)  
  59  15:47  Probe (Chrono Boost), Warp Prism  
  52  15:50  Stalker  
  52  15:55  Probe (Chrono Boost)  
  50  15:59  Probe (Chrono Boost)  
  40  16:05  Zealot  
  40  16:07  Probe (Chrono Boost)  
  40  16:10  Probe (Chrono Boost)  
  35  16:19  Stalker  
  35  16:20  Probe (Chrono Boost)  
  35  16:21  Probe (Chrono Boost)  
  35  16:22  Warp Prism  
  35  16:32  Adept, Probe x2 (Chrono Boost)  
  35  16:36  Probe (Chrono Boost)  
  31  16:40  Adept  
  31  16:44  Probe (Chrono Boost)  
  31  16:45  Probe (Chrono Boost)  
  23  16:49  Adept  
  23  16:51  Probe (Chrono Boost)  
  14  16:57  Warp Prism  
Tags
 
Matchup
PvP
Replay Pack
RP
Spawn Locations
Cross Positions
Add a new tag
Caveats
  • Supply blocks, unpowered buildings, or Contaminate may cause inaccurate times.
  • Supply counts are checked every 10 seconds.